 Dungeon Crawl Stone Soup version 0.29.1-2-gbd0b4ee654 (webtiles) character file.

Game seed: 14001763901780658994

645 GorkyZ the Trooper (level 7, -1/42 HPs)
             Began as a Gargoyle Gladiator on Dec 1, 2022.
             Slain by a gnoll
             ... wielding a +0 flail
             ... led by a gnoll bouda
              (7 damage)
             ... on level 5 of the Dungeon.
             The game lasted 00:14:01 (5328 turns).

GorkyZ the Trooper (Gargoyle Gladiator)             Turns: 5328, Time: 00:14:03

Health: -1/42      AC: 16    Str: 19    XL:     7   Next: 52%
Magic:  7/7        EV: 11    Int:  9    God:
Gold:   337        SH:  0    Dex: 11    Spells: 6/6 levels left

rFire   . . .      SeeInvis .   p - +0 glaive
rCold   + . .      Faith    .   (shield currently unavailable)
rNeg    + . .      Spirit   .   l - +0 swamp dragon scales
rPois   ∞          Reflect  .   c - +0 helmet
rElec   +          Harm     .   (no cloak)
rCorr   .          Rampage  .   h - +2 pair of gloves "Yxompoot" {+Inv rC+}
Will    .....                   (no boots)
Stlth   +.........              (no amulet)
HPRegen 0.14/turn               (no ring)
MPRegen 0.10/turn               (no ring)

@: weakened, studying Throwing
A: sickness immunity, AC +4, negative energy resistance 1, electricity
resistance, torment resistance 1, petrification resistance
a: Evoke Invisibility


You were on level 5 of the Dungeon.
You visited 2 branches of the dungeon, and saw 6 of its levels.

You collected 337 gold pieces.

Inventory:

Hand Weapons
 a - a +1 war axe
 p - a +0 glaive (weapon)
Missiles
 d - 3 throwing nets (quivered)
 e - a javelin
 r - a boomerang
Armour
 b - a +0 leather armour
 c - a +0 helmet (worn)
 h - the +2 pair of gloves "Yxompoot" (worn) {+Inv rC+}
   (You found it on level 2 of the Dungeon)

   rC:        It protects you from cold.
   +Inv:      It lets you turn invisible.
 l - +0 swamp dragon scales (worn)
 n - a +1 hat
Wands
 m - a wand of digging (6)
 t - a wand of polymorph (4)
Scrolls
 g - 2 scrolls of poison {unknown}
 o - 2 scrolls of identify
 q - a scroll of torment {unknown}
 u - a scroll of fog
 v - a scroll of teleportation
 w - a scroll of brand weapon {unknown}
Potions
 f - 3 potions of lignification
 i - 2 potions of might
 j - 3 potions of curing
 k - a potion of brilliance
 s - a potion of mutation {unknown}
 x - a potion of berserk rage {unknown}


   Skills:
 + Level 3.7 Fighting
 + Level 3.7(3.9) Axes
 + Level 1.4(2.8) Polearms
 + Level 3.4 Throwing
 + Level 2.8 Armour
 + Level 3.3 Dodging
 + Level 2.9 Shields
 + Level 2.5 Evocations


You had 6 spell levels left.
You didn't know any spells.
Your spell library contained the following spells:

 Spells                   Type           Power      Damage    Failure   Level
 Apportation              Tloc           0%         N/A       56%         1
 Necrotise                Necr           0%         1d4       56%         1
 Summon Small Mammal      Summ           0%         N/A       56%         1


Dungeon Overview and Level Annotations

Branches:
Dungeon (5/15)             Temple (1/1) D:4

Altars:
Ashenzari
Dithmenos
Elyvilon
Fedhas
Hepliaklqana
Makhleb
Okawaru
Ru
Sif Muna
Trog
Uskayaw
Vehumet
Wu Jian
The Shining One

Shops:
D:2 :


Innate Abilities, Weirdness & Mutations

You are immune to sickness and miasma.
Your stone body is resilient. (AC +4)
You are immune to poison.
You resist negative energy. (rN+)
You are resistant to electric shocks. (rElec)
You are resistant to unholy torment.
You are immune to petrification.


Message History

The gnoll throws a throwing net.
The throwing net hits you.
You become entangled in the net!
You see here a throwing net.
You struggle against the net.
The gnoll bouda barely misses you. The gnoll hits you but does no damage.
Unknown command.
You struggle against the net.
The gnoll is no longer moving quickly.
The gnoll completely misses you.
The gnoll bouda barks out a call to the hunt!
The gnoll picks up the pace!
The gnoll hits you with a +0 flail!
* * * LOW HITPOINT WARNING * * *
You rip the net and break free!
The gnoll closely misses you.
The gnoll bouda gazes fiercely through you!
You feel your attacks grow feeble. The gnoll bouda closely misses you.
The gnoll hits you but does no damage.
You are too injured to fight recklessly!
Unknown command.
You are too injured to fight recklessly!
Unknown command.
You slash the gnoll!
The gnoll is severely wounded.
The gnoll misses you. The gnoll barely misses you.
The gnoll closely misses you.
The gnoll bouda gazes fiercely through you!
You feel as though you will be weak longer.
The gnoll bouda hits you but does no damage.
You barely miss the gnoll.
The gnoll is severely wounded.
The gnoll misses you. x2
The gnoll bouda hits you but does no damage.
The gnoll hits you with a +0 flail.
* * * LOW HITPOINT WARNING * * *
You barely miss the gnoll.
The gnoll is severely wounded.
The gnoll hits you with a +0 flail.
* * * LOW HITPOINT WARNING * * *
The gnoll bouda calls upon its god to heal the gnoll.
The gnoll is healed somewhat.
The gnoll hits you with a +0 flail!
You die...

.~~~~...# .~~~~8..##
.~~~~....# .........##
..........## ... .#####....#
#... ##...###
.##...####.gg..#
#.#...#..(.)@g##
....##..)....## #######
#...#....#.## ####.##..##
..###......#..###.#.......#
..........................##
..#.....#...................#
..#........#.##............##
.........))##......<........#
.........#..#...........#..##


You could see a gnoll bouda and 2 gnolls.

Vanquished Creatures
  Duvessa (D:4)
  Dowan (D:4)
  A jelly (D:5)
  A hound (D:5)
  An iguana (D:5)
  Natasha (thrice) (D:2)
  An orc wizard (D:4)
  Robin (D:2)
  5 adders
  9 gnolls
  A shadow imp (D:5)
  A white imp (D:5)
  An ufetubus (D:5)
  3 dart slugs
  23 orcs
  9 ball pythons
  5 endoplasms
  5 giant cockroaches
  19 goblins
  7 hobgoblins
  4 jackals (D:1)
  4 quokkas
  3 bats
  5 frilled lizards
  8 kobolds
  3 rats
125 creatures vanquished.

Vanquished Creatures (others)
  A plant (D:5)
1 creature vanquished.

Grand Total: 126 creatures vanquished

Notes
Turn   | Place    | Note
-------+----------+-------------------------------------------
     0 | D:1      | GorkyZ the Gargoyle Gladiator began the quest for the Orb.
     0 | D:1      | Reached XP level 1. HP: 12/12 MP: 1/1
    26 | D:1      | Reached XP level 2. HP: 10/17 MP: 2/2
   512 | D:1      | Reached XP level 3. HP: 21/22 MP: 3/3
  1101 | D:2      | Reached skill level 1 in Armour
  1101 | D:2      | Reached skill level 1 in Shields
  1101 | D:2      | Reached skill level 1 in Evocations
  1110 | D:2      | Reached XP level 4. HP: 7/27 MP: 4/4
  1420 | D:2      | Noticed Robin
  1437 | D:2      | Killed Robin
  1483 | D:2      | Identified the +2 pair of gloves "Yxompoot" {+Inv rC+}
  1495 | D:2      | Noticed Natasha
  1501 | D:2      | Killed Natasha
  1502 | D:2      | Reached XP level 5. HP: 29/32 MP: 5/5
  1564 | D:2      | Noticed Natasha
  1584 | D:2      | Killed Natasha
  1726 | D:2      | Noticed Natasha
  1734 | D:2      | Killed Natasha
  1745 | D:2      | Found Vots's Vocational Training.
  2260 | D:3      | Reached XP level 6. HP: 28/37 MP: 6/6
  2619 | D:3      | Found a faded altar of an unknown god.
  2728 | D:3      | Found an iron altar of Okawaru.
  2817 | D:4      | Identified a scroll of acquirement
  2817 | D:4      | Acquired a manual of Throwing
  3169 | D:4      | Found a staircase to the Ecumenical Temple.
  3176 | Temple   | Entered the Ecumenical Temple
  3340 | D:4      | Found a bloodstained altar of Trog.
  3371 | D:4      | Noticed Duvessa
  3373 | D:4      | Noticed Dowan
  3786 | D:4      | Found a large runed translucent door.
  3787 | D:4      | Found a large runed translucent door.
  3941 | D:4      | Killed Duvessa
  3942 | D:4      | Reached skill level 1 in Polearms
  3942 | D:4      | Reached XP level 7. HP: 6/41 MP: 0/7
  4239 | D:4      | Killed Dowan
  4457 | D:4      | Found a shadowy altar of Dithmenos.
  4464 | D:4      | Found an ornate altar of the Wu Jian Council.
  4488 | D:5      | Entered Level 5 of the Dungeon
  5328 | D:5      | Slain by a gnoll

Illustrated notes

Levels and vault maps discovered:
D:1:      minmay_arrival_nine_rooms, layout_rooms
D:2:      layout_rooms, nicolae_shop_vocational, uniq_robin, uniq_natasha
D:3:      layout_basic, lemuel_coloured_pillars_altar,
          nicolae_ecumenical_lake_church, interstate_on_off
D:4:      layout_gridville, mainiacjoe_overflow_24_doors, jmf_multi_god_temple2,
          minmay_temple_entry_junction_2, uniq_duvessa
D:5:      layout_cave_pools, serial_park, serial_park_square2,
          serial_park_tiny_pond, serial_park_square3
          [serial_park_minivault_5x5_8], serial_park_square3
          [serial_park_minivault_5x5_5]
Temple:   compressed_dpeg_circular_temple

Skill      XL: |  1  2  3  4  5  6 |
---------------+-------------------+-----
Throwing       | 2 3 |  3.4
Armour         | 1 2 |  2.8
Shields        | 1 2 |  2.9
Evocations     | 1 2 |  2.5
Axes           | 3 |  3.7
Fighting       | 3 |  3.7
Dodging        | 3 |  3.3
Polearms       | 1 |  1.4

Action                   |  1- 3 |  4- 6 |  7- 9 || total
-------------------------+-------+-------+-------++-------
Melee: War axe           |    98 |    58 |       ||   156
       Punch             |       |     1 |       ||     1
       Glaive            |       |   177 |    84 ||   261
       Unarmed           |       |     1 |       ||     1
  Use: Potion            |       |     2 |     1 ||     3
       Scroll            |       |    11 |       ||    11
Armor: Leather armour    |    45 |       |       ||    45
       Swamp dragon scal |    15 |   156 |   120 ||   291
Dodge: Dodged            |    76 |   182 |   130 ||   388
